 Dungeon Crawl Stone Soup version 0.18-a0-1800-gdc7a371 (webtiles) character file.

9 Duffy the Skirmisher (level 2, 17/24 HPs)
             Began as a Demonspawn Fighter on Apr 25, 2016.
             Quit the game on level 1 of the Dungeon.
             The game lasted 00:00:23 (239 turns).

Duffy the Skirmisher (Demonspawn Fighter)            Turns: 239, Time: 00:00:23

Health: 17/24      AC:  6    Str: 16    XL:     2   Next: 3%
Magic:  2/2        EV:  9    Int:  9    God:
Gold:   33         SH:  0    Dex: 12    Spells: 0 memorised, 1 level left

rFire  . . .     SeeInvis .     a - +0 war axe
rCold  . . .     Gourm    .     b - +0 scale mail
rNeg   . . .     Faith    .     (no shield)
rPois  .         Spirit   .     (no helmet)
rElec  .         Dismiss  .     (no cloak)
rCorr  .         Reflect  .     (no gloves)
SustAt .         Harm     .     (no boots)
MR     .....                    (no amulet)
Stlth  ..........               (no ring)
                                (no ring)

@: not resistant to hostile enchantments, extremely unstealthy
A: demonic guardian 1
a: no special abilities


You were on level 1 of the Dungeon.
You were not hungry.

You visited 1 branch of the dungeon, and saw 1 of its levels.

You collected 33 gold pieces.


Innate Abilities, Weirdness & Mutations

A weak demonic guardian rushes to your aid.


   Skills:
 - Level 3.0 Fighting
 + Level 2.5 Axes
 - Level 2.6 Armour
 - Level 2.6 Shields


You had one spell level left.
You didn't know any spells.

Inventory:

Hand Weapons
 a - a +0 war axe (weapon)
Missiles
 h - a throwing net (quivered)
Armour
 b - a +0 scale mail (worn)
 c - a +0 shield
Scrolls
 g - a scroll of teleportation {unknown}
Potions
 d - a potion of might
 e - a potion of curing {unknown}
Comestibles
 f - a bread ration

Dungeon Overview and Level Annotations

Branches:
Dungeon (1/15)

Altars:


Message History

The plant is heavily damaged.
You hit the plant but do no damage.
The plant is heavily damaged.
You hit the plant.
The plant is heavily damaged.
You hit the plant.
The plant is heavily damaged.
You hit the plant.
The plant is heavily damaged.
You hit the plant.
The plant is severely damaged.
You hit the plant but do no damage.
The plant is severely damaged.
You hit the plant.
The plant is severely damaged.
You hit the plant.
The plant is severely damaged.
You hit the plant.
The plant is almost destroyed.
You hit the plant.
The plant is almost destroyed.
You hit the plant but do no damage.
The plant is almost destroyed.
You hit the plant but do no damage.
The plant is almost destroyed.
You hit the plant but do no damage.
The plant is almost destroyed.
You hit the plant.
The plant is almost destroyed.
You hit the plant but do no damage.
The plant is almost destroyed.
You hit the plant but do no damage.
The plant is almost destroyed.
You hit the plant but do no damage.
The plant is almost destroyed.
You hit the plant but do no damage.
The plant is almost destroyed.
A bat is nearby!
You miss the bat. The bat misses you.
You swing at nothing.
The bat hits you but does no damage.
You swing at nothing.
The bat hits you but does no damage.
The bat hits the plant but does no damage.
You swing at nothing.
The bat barely misses you.
You swing at nothing.
The bat closely misses you. x2
You hit the bat.
You kill the bat!
You have reached level 2!
Your demonic ancestry asserts itself...
You feel the presence of a demonic guardian.
Are you sure you want to abandon this character and quit the game? (Confirm with "yes".)

~~~~ ~~~~~~~~~~PP~~~7~~~#
P~~~~~~~~~~~~~~~~~~~~~~~.
~~7~P~~~~~~~~~~7P~~~~~~#
P7~~7~~~~~~~~~~PP~(~~7##
P~~~~P~~~~~~~~~7)~P~...#
~~~7~~~~~~~7~7~77~7###.#
777P~7~777777PPP)##
#...~P7P7~~~~#.#%#
#........##....#@#
.........##....#.#
.######..##....#.##### .#
##.#####.......# .# ##.##
###.##### .# ##...## #.#
.# ##.....## #.# .#
#.......## #.#
.####........###.# ###


There were no monsters in sight!

Action                   || total
-------------------------++-------
Melee: War axe           ||    26
Armor: Scale mail        ||    21
Dodge: Dodged            ||    21

Notes
Turn   | Place    | Note
--------------------------------------------------------------
     0 | D:1      | Duffy the Demonspawn Fighter began the quest for the Orb.
     0 | D:1      | Reached XP level 1. HP: 18/18 MP: 1/1
    85 | D:1      | Reached skill level 2 in Axes
   238 | D:1      | Gained mutation: A weak demonic guardian rushes to your aid. [demonic ancestry]
   238 | D:1      | Reached XP level 2. HP: 17/24 MP: 2/2
   239 | D:1      | Quit the game

Skill      XL: |  1 |
---------------+----+-----
Axes           | 2 |  2.5
Fighting       | |  3.0
Armour         | |  2.6
Shields        | |  2.6

Vault maps used:
D:1:      enne_arrival_octagon_isle, serial_bayou_lake_a

Vanquished Creatures
  A bat
  A giant cockroach
  A goblin
  2 hobgoblins
  A giant newt
  A kobold
  A rat
8 creatures vanquished.
